[Event "3rd Yerevan Open-A 2021"]
[Site "Yerevan"]
[Date "2021.10.14"]
[Round "1.12"]
[White "Sivuk, Vitaly"]
[Black "Mohota, Nisha"]
[Result "1-0"]
[ECO "D55"]
[WhiteElo "2529"]
[BlackElo "2195"]
[Annotator "ChessBase"]
[PlyCount "61"]
[EventDate "2021.10.14"]
[EventType "swiss"]
[EventCountry "ARM"]
[SourceTitle "playchess.com"]
[Source "ChessBase"]
[SourceQuality "1"]
[TimeControl "40/5400+30:1800+30"]

1. d4 Nf6 2. c4 e6 3. Nf3 d5 4. Nc3 Be7 5. Bg5 O-O 6. e3 h6 7. Bf4 b6 8. g4 Ne4 9. h4 e5 10. Nxe5 Bxh4 11. Nxe4 dxe4 12. Qc2 Bb7 13. Bg2 Qe7 14. O-O-O Na6 15. a3 c5 16. Rxh4 Qxh4 17. d5 Rfe8 18. Bxe4 Qd8 19. Bh7+ Kf8 20. Nxf7 Qf6 21. Bg6 Kg8 22. g5 hxg5 23. Rh1 Qxf7 24. Bxf7+ Kxf7 25. Qf5+ Kg8 26. Be5 Re7 27. Qh7+ Kf8 28. Qh8+ Kf7 29. Qxg7+ Ke8 30. Qg6+ Kd7 31. Qd6+ 1-0

[Event "3rd Yerevan Open-A 2021"]
[Site "Yerevan"]
[Date "2021.10.15"]
[Round "2.4"]
[White "Puranik, Abhimanyu"]
[Black "Krishna Teja, N."]
[Result "1-0"]
[ECO "A11"]
[WhiteElo "2568"]
[BlackElo "2385"]
[Annotator "ChessBase"]
[PlyCount "89"]
[EventDate "2021.10.14"]
[EventType "swiss"]
[EventCountry "ARM"]
[SourceTitle "playchess.com"]
[Source "ChessBase"]
[SourceQuality "1"]
[TimeControl "40/5400+30:1800+30"]

1. Nf3 d5 2. g3 c6 3. Bg2 Bg4 4. c4 Nd7 5. cxd5 cxd5 6. h3 Bxf3 7. Bxf3 e6 8. O-O Ngf6 9. Nc3 Be7 10. d4 O-O 11. Qd3 Rc8 12. Bd2 a6 13. Rac1 b5 14. e3 Nb6 15. b3 Ba3 16. Rb1 Bb4 17. Rfc1 Qe7 18. Ne2 h6 19. h4 Rfd8 20. Nf4 Nfd7 21. Qe2 Qf8 22. Bxb4 Qxb4 23. Nd3 Qa3 24. Kg2 a5 25. Qd2 a4 26. Be2 axb3 27. axb3 Na8 28. Nc5 Nxc5 29. dxc5 Qa6 30. Ra1 Qc6 31. Qa5 Rb8 32. Qa6 Qxa6 33. Rxa6 b4 34. Rc6 Kf8 35. Ra1 Ke7 36. Ra7+ Ke8 37. Bh5 g6 38. Bxg6 fxg6 39. Rxe6+ Kf8 40. Rf6+ Kg8 41. Rxg6+ Kf8 42. Rxh6 Kg8 43. Rhh7 Rbc8 44. h5 Rc6 45. g4 1-0

[Event "3rd Yerevan Open-A 2021"]
[Site "Yerevan"]
[Date "2021.10.15"]
[Round "2.5"]
[White "Padmini, Rout"]
[Black "Paichadze, Luka"]
[Result "1/2-1/2"]
[ECO "A30"]
[WhiteElo "2380"]
[BlackElo "2566"]
[Annotator "ChessBase"]
[PlyCount "100"]
[EventDate "2021.10.14"]
[EventType "swiss"]
[EventCountry "ARM"]
[SourceTitle "playchess.com"]
[Source "ChessBase"]
[SourceQuality "1"]
[TimeControl "40/5400+30:1800+30"]

1. Nf3 Nf6 2. g3 d5 3. Bg2 c5 4. O-O Nc6 5. c4 d4 6. e3 e5 7. exd4 cxd4 8. Re1 Bd6 9. d3 O-O 10. Bg5 h6 11. Bxf6 Qxf6 12. Nbd2 Bc7 13. a3 a5 14. c5 a4 15. Nc4 Bf5 16. Rc1 Rfe8 17. Qc2 Qe7 18. Nfxe5 Nxe5 19. Nxe5 Bxe5 20. f4 Qc7 21. fxe5 Rxe5 22. Rxe5 Qxe5 23. Qd2 Rc8 24. Bxb7 Rxc5 25. Rxc5 Qxc5 26. Bf3 Qb5 27. Be2 Bd7 28. Bf1 Bc6 29. Bg2 Bxg2 30. Kxg2 Qc6+ 31. Kg1 Qf3 32. Qc2 Kh7 33. b3 axb3 34. Qxb3 Qe3+ 35. Kf1 Qc1+ 36. Kg2 f5 37. a4 h5 38. Qa2 Qd1 39. Qc4 Qe2+ 40. Kg1 Qe3+ 41. Kg2 h4 42. Qc2 h3+ 43. Kxh3 Qf3 44. Qd2 Kg6 45. a5 Kh5 46. Qe1 Qxd3 47. Qe8+ Kh6 48. Qh8+ Kg6 49. Qe8+ Kh6 50. Qh8+ Kg6 1/2-1/2

[Event "3rd Yerevan Open-A 2021"]
[Site "Yerevan"]
[Date "2021.10.15"]
[Round "2.6"]
[White "Petrosian, Tigran L."]
[Black "Moksh Amit Doshi"]
[Result "1-0"]
[ECO "C85"]
[WhiteElo "2562"]
[BlackElo "2379"]
[Annotator "ChessBase"]
[PlyCount "138"]
[EventDate "2021.10.14"]
[EventType "swiss"]
[EventCountry "ARM"]
[SourceTitle "playchess.com"]
[Source "ChessBase"]
[SourceQuality "1"]
[TimeControl "40/5400+30:1800+30"]

1. e4 e5 2. Nf3 Nc6 3. Bb5 a6 4. Ba4 Nf6 5. O-O Be7 6. Bxc6 dxc6 7. d3 Bd6 8. Nbd2 Be6 9. Qe2 O-O 10. h3 Nd7 11. Nb3 f6 12. Na5 Rb8 13. Be3 c5 14. a4 Qe8 15. Nd2 Qg6 16. Qf3 f5 17. exf5 Rxf5 18. Qg3 Qxg3 19. fxg3 Rxf1+ 20. Kxf1 Nf6 21. Nac4 Bd5 22. g4 b5 23. axb5 axb5 24. Nxd6 cxd6 25. Ra6 Ne8 26. Kf2 Kf7 27. c4 bxc4 28. dxc4 Bb7 29. Rb6 Ke7 30. b4 cxb4 31. c5 dxc5 32. Bxc5+ Kd7 33. Nc4 Kc7 34. Rxb4 Bd5 35. Bb6+ Kd7 36. Nxe5+ Ke6 37. Nd3 Kf7 38. g5 Kg8 39. g4 Nd6 40. Rd4 Ne4+ 41. Ke3 Ba8 42. Bd8 Nc3 43. Bc7 Re8+ 44. Be5 Nd5+ 45. Kd2 Bc6 46. Bd6 Ra8 47. Ne5 Ra2+ 48. Kc1 Bb7 49. Rd3 Ra6 50. Ba3 Re6 51. Bb2 Re8 52. h4 Rf8 53. Rb3 Ba8 54. Ra3 Nf4 55. Ra7 Ne6 56. Kd2 Bd5 57. Ke3 Rb8 58. Bc3 Rc8 59. Bb4 Rb8 60. Bd6 Rd8 61. Be7 Rb8 62. Rd7 Ba8 63. Rd6 Nc7 64. Bd8 Nd5+ 65. Kd4 Nf4 66. h5 Rb4+ 67. Kc3 Re4 68. Bf6 Ne2+ 69. Kd3 Nf4+ 1-0

[Event "3rd Yerevan Open-A 2021"]
[Site "Yerevan"]
[Date "2021.10.15"]
[Round "2.10"]
[White "Baghdasaryan, Vahe"]
[Black "Sivuk, Vitaly"]
[Result "1/2-1/2"]
[ECO "C54"]
[WhiteElo "2334"]
[BlackElo "2529"]
[Annotator "ChessBase"]
[PlyCount "95"]
[EventDate "2021.10.14"]
[EventType "swiss"]
[EventCountry "ARM"]
[SourceTitle "playchess.com"]
[Source "ChessBase"]
[SourceQuality "1"]
[TimeControl "40/5400+30:1800+30"]

1. e4 e5 2. Nf3 Nc6 3. Bc4 Bc5 4. d3 Nf6 5. c3 d6 6. Nbd2 O-O 7. O-O a5 8. h3 Be6 9. Re1 Bxc4 10. Nxc4 Re8 11. Bg5 h6 12. Bh4 a4 13. Ne3 Bxe3 14. fxe3 Nb8 15. Rf1 Nbd7 16. Qe1 Re6 17. d4 Qf8 18. d5 Ree8 19. Bxf6 Nxf6 20. Nh4 Kh7 21. Rxf6 gxf6 22. Qe2 Qh8 23. Rf1 Rg8 24. Rf2 Rg5 25. Qf1 Rf8 26. Rxf6 Qg7 27. Qf2 Kg8 28. Kh2 Ra8 29. Rf3 Kf8 30. Nf5 Qg6 31. c4 b6 32. Nh4 Qh7 33. Nf5 Ke8 34. Qh4 Qg6 35. g4 a3 36. b3 Kd7 37. Qxh6 Rxf5 38. Qxg6 Rxf3 39. Qg7 Kc8 40. Kg2 Rxe3 41. Qxf7 Kb7 42. c5 bxc5 43. Qf1 Kb6 44. Qc4 Rh8 45. Qa4 Rhxh3 46. Qc6+ Ka5 47. Qa4+ Kb6 48. Qc6+ 1/2-1/2

[Event "3rd Yerevan Open-A 2021"]
[Site "Yerevan"]
[Date "2021.10.15"]
[Round "2.11"]
[White "Harsha Bharathakoti"]
[Black "Vantika Agrawal"]
[Result "1/2-1/2"]
[ECO "D02"]
[WhiteElo "2517"]
[BlackElo "2322"]
[Annotator "ChessBase"]
[PlyCount "124"]
[EventDate "2021.10.14"]
[EventType "swiss"]
[EventCountry "ARM"]
[SourceTitle "playchess.com"]
[Source "ChessBase"]
[SourceQuality "1"]
[TimeControl "40/5400+30:1800+30"]

1. d4 Nf6 2. Bf4 d5 3. e3 c5 4. Nf3 Nc6 5. Nbd2 Nh5 6. Be5 f6 7. Bg3 e6 8. Bb5 Qb6 9. c4 Nxg3 10. hxg3 Bd7 11. Qb3 O-O-O 12. cxd5 exd5 13. dxc5 Bxc5 14. O-O Kb8 15. Bxc6 Bxc6 16. Qxb6 Bxb6 17. Nb3 g5 18. Rfd1 h5 19. Nbd4 Bd7 20. Ne2 Bg4 21. Rd2 Ba5 22. Rd3 Bf5 23. Rb3 Bc2 24. Rb5 Bb6 25. Ne1 Ba4 26. Rb4 Bd7 27. Rd1 Bc5 28. Nd3 Bxb4 29. Nxb4 Be6 30. Nc3 h4 31. Rd4 hxg3 32. fxg3 Rd7 33. Kf2 Rc8 34. Rd2 Rcd8 35. Nc2 Bf7 36. g4 Bg6 37. Nd4 Re8 38. Rd1 Rh8 39. Nde2 Bf7 40. Nd4 a6 41. a3 Bg6 42. Kg3 Re8 43. Kf2 Be4 44. Kg3 Re5 45. Rd2 Kc7 46. Rd1 Rh7 47. Rf1 Rh6 48. Rc1 Kb8 49. Rd1 Rh7 50. Rf1 Rf7 51. Nxe4 Rxe4 52. Kf3 Rfe7 53. Nf5 Rc7 54. Rd1 Re5 55. Nd4 Rh7 56. Nf5 Rh8 57. Nd4 Kc7 58. Nf5 Kb6 59. Nd4 Rhe8 60. Rd3 Rc8 61. Rd1 Rce8 62. Rd3 Re4 1/2-1/2

[Event "3rd Yerevan Open-A 2021"]
[Site "Yerevan"]
[Date "2021.10.15"]
[Round "2.12"]
[White "Hakemi, Arman"]
[Black "Hayrapetyan, Hovik"]
[Result "0-1"]
[ECO "E17"]
[WhiteElo "2323"]
[BlackElo "2500"]
[Annotator "ChessBase"]
[PlyCount "92"]
[EventDate "2021.10.14"]
[EventType "swiss"]
[EventCountry "ARM"]
[SourceTitle "playchess.com"]
[Source "ChessBase"]
[SourceQuality "1"]
[TimeControl "40/5400+30:1800+30"]

1. d4 Nf6 2. c4 e6 3. Nf3 b6 4. g3 Bb7 5. Bg2 Bb4+ 6. Bd2 Be7 7. O-O O-O 8. Bf4 d6 9. Nc3 Ne4 10. Qc2 Nxc3 11. Qxc3 Nd7 12. Rfe1 c5 13. dxc5 Nxc5 14. Rad1 Rc8 15. b3 Qc7 16. Qc1 Rfd8 17. Bg5 Bxg5 18. Qxg5 d5 19. cxd5 Ne4 20. Qe5 Bxd5 21. Qxc7 Rxc7 22. Ne5 Nc3 23. Rd2 f6 24. Nc4 Rdd7 25. Bxd5 exd5 26. Ne3 g6 27. f3 Kf7 28. Kf2 b5 29. Ng2 a5 30. a3 f5 31. Nf4 Kf6 32. Nd3 Ne4+ 33. fxe4 dxe4 34. Red1 Rc3 35. b4 a4 36. Ke1 exd3 37. Rxd3 Rdxd3 38. Rxd3 Rxd3 39. exd3 Ke5 40. h4 f4 41. gxf4+ Kxf4 42. Kf2 Ke5 43. Ke3 h6 44. d4+ Kf5 45. Kf3 h5 46. Ke3 g5 0-1

[Event "3rd Yerevan Open-A 2021"]
[Site "Yerevan"]
[Date "2021.10.16"]
[Round "3.4"]
[White "Simonian, Hrair"]
[Black "Petrosian, Tigran L."]
[Result "1/2-1/2"]
[ECO "B15"]
[WhiteElo "2430"]
[BlackElo "2562"]
[Annotator "ChessBase"]
[PlyCount "126"]
[EventDate "2021.10.14"]
[EventType "swiss"]
[EventCountry "ARM"]
[SourceTitle "playchess.com"]
[Source "ChessBase"]
[SourceQuality "1"]
[TimeControl "40/5400+30:1800+30"]

1. e4 c6 2. d4 d5 3. Nc3 dxe4 4. Nxe4 Nf6 5. Nxf6+ exf6 6. c3 Bd6 7. Bd3 O-O 8. Qc2 Re8+ 9. Ne2 h6 10. Be3 Be6 11. h4 Qa5 12. a3 Nd7 13. b4 Qc7 14. c4 a5 15. c5 Bf8 16. O-O Qd8 17. Nf4 f5 18. h5 Nf6 19. Bxf5 Bd5 20. Qd3 b5 21. Rfe1 Bc4 22. Qd1 Ra7 23. Qf3 Qa8 24. Rad1 axb4 25. axb4 Ra3 26. Nd3 Bb3 27. Rc1 Bd5 28. Qh3 Be6 29. Ne5 Nd5 30. Qf3 Bxf5 31. Qxf5 f6 32. Ng4 Kh8 33. Bd2 Rxe1+ 34. Rxe1 Ra1 35. Bc1 Nxb4 36. Qg6 Qa2 37. Nxf6 gxf6 38. Re8 Rxc1+ 39. Kh2 Qg8 40. Qxf6+ Bg7 41. Qf7 Qxe8 42. Qxe8+ Kh7 43. g4 Rc4 44. f4 Rxd4 45. g5 hxg5 46. fxg5 Rd2+ 47. Kg3 Rd3+ 48. Kg4 Rd4+ 49. Kf3 Nd3 50. h6 Ne5+ 51. Ke3 Nc4+ 52. Ke2 Rd2+ 53. Kf1 Bd4 54. Qf7+ Kh8 55. Qf8+ Kh7 56. Qf7+ Kh8 57. Qe8+ Kh7 58. Qe4+ Kh8 59. g6 Rf2+ 60. Ke1 Rf1+ 61. Ke2 Rf2+ 62. Ke1 Rf1+ 63. Ke2 Rf2+ 1/2-1/2

[Event "3rd Yerevan Open-A 2021"]
[Site "Yerevan"]
[Date "2021.10.16"]
[Round "3.5"]
[White "Pranav Anand"]
[Black "Sychev, Klementy"]
[Result "0-1"]
[ECO "D20"]
[WhiteElo "2430"]
[BlackElo "2555"]
[Annotator "ChessBase"]
[PlyCount "60"]
[EventDate "2021.10.14"]
[EventType "swiss"]
[EventCountry "ARM"]
[SourceTitle "playchess.com"]
[Source "ChessBase"]
[SourceQuality "1"]
[TimeControl "40/5400+30:1800+30"]

1. d4 d5 2. c4 dxc4 3. e4 b5 4. a4 c6 5. axb5 cxb5 6. Nc3 Qb6 7. Nd5 Qb7 8. Bf4 e5 9. dxe5 Be6 10. Be2 Ne7 11. Bg5 Nbc6 12. Nf3 h6 13. Bh4 Ng6 14. Bg3 Bb4+ 15. Kf1 O-O 16. Qc2 Rfd8 17. Rd1 a5 18. h4 Nge7 19. Bf4 Nxd5 20. exd5 Rxd5 21. Rxd5 Bxd5 22. Kg1 Ne7 23. Rh3 Be6 24. Rg3 Nf5 25. Rh3 Rd8 26. Qc1 Qe4 27. Bd1 Rxd1+ 28. Qxd1 Qxf4 29. h5 Qe4 30. Qc1 Nd4 0-1

[Event "3rd Yerevan Open-A 2021"]
[Site "Yerevan"]
[Date "2021.10.16"]
[Round "3.6"]
[White "Hayrapetyan, Hovik"]
[Black "Daghli, Arash"]
[Result "0-1"]
[ECO "E60"]
[WhiteElo "2500"]
[BlackElo "2427"]
[Annotator "ChessBase"]
[PlyCount "142"]
[EventDate "2021.10.14"]
[EventType "swiss"]
[EventCountry "ARM"]
[SourceTitle "playchess.com"]
[Source "ChessBase"]
[SourceQuality "1"]
[TimeControl "40/5400+30:1800+30"]

1. d4 Nf6 2. Nf3 g6 3. c4 Bg7 4. g3 O-O 5. Bg2 d6 6. O-O Nc6 7. b3 e5 8. dxe5 dxe5 9. Bb2 e4 10. Nd4 Nxd4 11. Qxd4 Bf5 12. Rd1 Qc8 13. Nc3 Re8 14. Nd5 Nh5 15. Qd2 Bxb2 16. Qxb2 c6 17. Ne3 Qe6 18. Rd4 Nf6 19. Rad1 Qe5 20. Qa3 a5 21. Qd6 Qxd6 22. Rxd6 Be6 23. R1d4 Kg7 24. g4 h6 25. c5 a4 26. bxa4 Ra5 27. Bxe4 Rxc5 28. Bf3 Ra8 29. Rb4 Ra7 30. Rd8 Nd7 31. Rc8 Rca5 32. Rc7 Nc5 33. a3 Rxa4 34. Nc2 Rxb4 35. Nxb4 Rxa3 36. Kg2 Rb3 37. Nxc6 bxc6 38. h3 Nd7 39. Bxc6 Rc3 40. Rxd7 Rxc6 41. Rd2 Ra6 42. e3 Kf6 43. Rd8 Ra5 44. Kg3 Rd5 45. Rb8 Rd1 46. Rh8 Bd5 47. f3 Rf1 48. e4 Bc4 49. Rc8 Be2 50. Rc3 Ke5 51. Re3 Bc4 52. Ra3 Rg1+ 53. Kf2 Rb1 54. Kg3 Rb3 55. Ra7 Kd4 56. h4 Ke3 57. Rc7 Be6 58. Ra7 Rd3 59. Rc7 Bb3 60. Rc6 Ke2 61. Rf6 Be6 62. h5 g5 63. Kg2 Rc3 64. Kg3 Rc1 65. Rxh6 Rg1+ 66. Kh2 Kf2 67. Rf6 Rg2+ 68. Kh3 Kg1 69. h6 Rb2 70. h7 Bc4 71. h8=Q Bf1+ 0-1

[Event "3rd Yerevan Open-A 2021"]
[Site "Yerevan"]
[Date "2021.10.16"]
[Round "3.7"]
[White "Sidhant, Mohapatra"]
[Black "Mikaelyan, Arman"]
[Result "0-1"]
[ECO "A38"]
[WhiteElo "2367"]
[BlackElo "2487"]
[Annotator "ChessBase"]
[PlyCount "130"]
[EventDate "2021.10.14"]
[EventType "swiss"]
[EventCountry "ARM"]
[SourceTitle "playchess.com"]
[Source "ChessBase"]
[SourceQuality "1"]
[TimeControl "40/5400+30:1800+30"]

1. c4 g6 2. Nc3 Bg7 3. Nf3 Nf6 4. g3 O-O 5. Bg2 c5 6. d4 cxd4 7. Nxd4 Nc6 8. Nc2 d6 9. O-O Nd7 10. Bd2 a5 11. b3 Nc5 12. Rb1 Bd7 13. h3 h5 14. Nd5 Bf5 15. Nde3 Be4 16. f3 Bxc2 17. Nxc2 Nb4 18. a4 Na2 19. e4 e6 20. f4 Nc3 21. Bxc3 Bxc3 22. Qf3 Bg7 23. Kh1 Qf6 24. Na3 h4 25. Nb5 hxg3 26. Qxg3 Rad8 27. Rbd1 Qe7 28. Rd2 Bh6 29. Rdf2 Kh7 30. f5 gxf5 31. exf5 Rg8 32. Qf3 Qh4 33. fxe6 fxe6 34. Qf6 Qxf6 35. Rxf6 Rg3 36. R6f3 Rxf3 37. Rxf3 Kg6 38. h4 Kh5 39. Nd4 Bg7 40. Ne2 Kxh4 41. Nf4 Kg4 42. Nd3 Rh8+ 43. Kg1 Bd4+ 44. Kf1 Nxb3 45. Nf2+ Bxf2 46. Rxb3 Bc5 47. Rxb7 Kf5 48. Rb5 Rh4 49. Rxa5 Rxc4 50. Ra8 Rc1+ 51. Ke2 Rc2+ 52. Kf3 Rc3+ 53. Ke2 d5 54. a5 Kf4 55. Rc8 Rc2+ 56. Kf1 Ke3 57. Bh3 Kf3 58. Bg2+ Rxg2 59. Rxc5 Ra2 60. Rc3+ Kf4 61. Rc6 e5 62. Ra6 e4 63. Ra8 d4 64. a6 Ke3 65. a7 d3 0-1

[Event "3rd Yerevan Open-A 2021"]
[Site "Yerevan"]
[Date "2021.10.16"]
[Round "3.8"]
[White "Kunal, M.."]
[Black "Shahinyan, David"]
[Result "1-0"]
[ECO "C04"]
[WhiteElo "2290"]
[BlackElo "2469"]
[Annotator "ChessBase"]
[PlyCount "153"]
[EventDate "2021.10.14"]
[EventType "swiss"]
[EventCountry "ARM"]
[SourceTitle "playchess.com"]
[Source "ChessBase"]
[SourceQuality "1"]
[TimeControl "40/5400+30:1800+30"]

1. e4 e6 2. d4 d5 3. Nd2 Nc6 4. Ngf3 Nf6 5. e5 Nd7 6. Bb5 a6 7. Bxc6 bxc6 8. c4 dxc4 9. Nxc4 Nb6 10. Na5 Qd5 11. Bd2 c5 12. dxc5 Bxc5 13. O-O Be7 14. Qc2 Qd7 15. Rfd1 Nd5 16. Bg5 Bxg5 17. Nxg5 h6 18. Ne4 Rb8 19. a3 O-O 20. b4 Rb5 21. Nc3 Rb6 22. Rac1 Bb7 23. Nxd5 Bxd5 24. Qxc7 Qb5 25. Qc5 Rfb8 26. Qxb5 Rxb5 27. f3 g5 28. Kf2 Kg7 29. Rc7 Kg6 30. Rdc1 h5 31. Ra7 Ra8 32. Rxa8 Bxa8 33. Nc4 f6 34. exf6 Kxf6 35. Ke3 g4 36. Nd6 Rb6 37. Ne4+ Bxe4 38. fxe4 a5 39. Rb1 axb4 40. axb4 Rb5 41. Kd4 Ke7 42. Kc4 Re5 43. b5 Kd7 44. Kd4 Rg5 45. b6 Kc8 46. Rc1+ Kb7 47. Rc5 Rg8 48. Rxh5 Rd8+ 49. Ke3 Kxb6 50. Rh6 Kc5 51. Rxe6 Rh8 52. Rg6 Rxh2 53. Rxg4 Kd6 54. Kf3 Ke5 55. Rf4 Rh1 56. Rf5+ Ke6 57. g4 Re1 58. Kf4 Re2 59. e5 Rf2+ 60. Kg5 Rg2 61. Kh5 Rg1 62. Rf2 Ke7 63. g5 Ke6 64. Kh6 Rh1+ 65. Kg7 Ke7 66. g6 Rh3 67. Kg8 Rg3 68. g7 Rh3 69. Rf7+ Ke8 70. e6 Rh1 71. e7 Rg1 72. Rf8+ Kxe7 73. Rf7+ Ke8 74. Rf6 Ke7 75. Rh6 Rg2 76. Rh1 Kf6 77. Kh8 1-0

[Event "3rd Yerevan Open-A 2021"]
[Site "Yerevan"]
[Date "2021.10.16"]
[Round "3.12"]
[White "Goganov, Aleksey"]
[Black "Daneshvar, Bardiya"]
[Result "1-0"]
[ECO "E04"]
[WhiteElo "2557"]
[BlackElo "2403"]
[Annotator "ChessBase"]
[PlyCount "33"]
[EventDate "2021.10.14"]
[EventType "swiss"]
[EventCountry "ARM"]
[SourceTitle "playchess.com"]
[Source "ChessBase"]
[SourceQuality "1"]
[TimeControl "40/5400+30:1800+30"]

1. d4 d5 2. c4 e6 3. Nf3 Nf6 4. g3 dxc4 5. Bg2 c6 6. a4 c5 7. O-O Nc6 8. dxc5 Qxd1 9. Rxd1 Bxc5 10. Nbd2 c3 11. bxc3 Bd7 12. Nb3 Be7 13. Nfd4 Rc8 14. Nb5 Nd5 15. c4 Ndb4 16. Bb2 e5 17. Rxd7 1-0

[Event "3rd Yerevan Open-A 2021"]
[Site "Yerevan"]
[Date "2021.10.17"]
[Round "4.11"]
[White "Atakhan, Abtin"]
[Black "Quparadze, Giga"]
[Result "0-1"]
[ECO "E11"]
[WhiteElo "2319"]
[BlackElo "2495"]
[Annotator "ChessBase"]
[PlyCount "110"]
[EventDate "2021.10.14"]
[EventType "swiss"]
[EventCountry "ARM"]
[SourceTitle "playchess.com"]
[Source "ChessBase"]
[SourceQuality "1"]
[TimeControl "40/5400+30:1800+30"]

1. d4 Nf6 2. c4 e6 3. g3 Bb4+ 4. Bd2 a5 5. Nf3 O-O 6. Bg2 d5 7. Qc2 Be7 8. O-O c6 9. Rd1 Nbd7 10. Bf4 a4 11. Nc3 Qa5 12. Ne5 Nxe5 13. dxe5 Nd7 14. cxd5 exd5 15. e4 dxe4 16. e6 fxe6 17. Nxe4 Qf5 18. Qc4 Nb6 19. Qd4 Nd5 20. Bd6 Bxd6 21. Nxd6 Qf6 22. Qd2 a3 23. bxa3 Rxa3 24. Re1 b5 25. Nxc8 Rxc8 26. Rac1 Nc3 27. Re3 b4 28. Bh3 Re8 29. Qd7 Rf8 30. f4 c5 31. Qxe6+ Kh8 32. Qxf6 gxf6 33. Rc2 Rfa8 34. Be6 Re8 35. f5 Rd8 36. Bb3 Ra7 37. Rf2 Kg7 38. Kg2 Rd4 39. Rf4 Nxa2 40. Rxd4 cxd4 41. Re4 Nc1 42. Rg4+ Kh6 43. Be6 b3 44. Kh3 b2 45. Rh4+ Kg7 46. Rg4+ Kf8 47. Rg8+ Ke7 48. Rb8 Nd3 49. Bc4 Nf2+ 50. Kh4 Nd1 51. Be2 Ra1 52. Bd3 Rc1 53. Be4 Rc3 54. Rb7+ Kd6 55. Rb6+ Ke5 0-1

[Event "3rd Yerevan Open-A 2021"]
[Site "Yerevan"]
[Date "2021.10.21"]
[Round "8.1"]
[White "Puranik, Abhimanyu"]
[Black "Sivuk, Vitaly"]
[Result "1-0"]
[ECO "A47"]
[WhiteElo "2568"]
[BlackElo "2529"]
[Annotator "ChessBase"]
[PlyCount "63"]
[EventDate "2021.10.14"]
[EventType "swiss"]
[EventCountry "ARM"]
[SourceTitle "playchess.com"]
[Source "ChessBase"]
[SourceQuality "1"]
[TimeControl "40/5400+30:1800+30"]

1. d4 Nf6 2. Nf3 e6 3. Bf4 b6 4. e3 Be7 5. h3 O-O 6. c3 c5 7. a4 Ba6 8. Bb5 d6 9. O-O cxd4 10. exd4 Bxb5 11. axb5 Nd5 12. Bh2 Nc7 13. Qb3 Nd7 14. c4 Qc8 15. Nc3 Qb7 16. Rfe1 Rfc8 17. Nd2 Bf8 18. Nde4 Ne8 19. Ra6 Ndf6 20. Nxf6+ Nxf6 21. Bf4 Nd7 22. Qa2 Rc7 23. Ra1 Qc8 24. b3 Rb7 25. Qe2 e5 26. Be3 exd4 27. Bxd4 Nc5 28. Bxc5 dxc5 29. Nd5 Qd7 30. Nxb6 Qe8 31. Qxe8 Rxe8 32. Nd5 1-0

[Event "3rd Yerevan Open-A 2021"]
[Site "Yerevan"]
[Date "2021.10.21"]
[Round "8.3"]
[White "Mikaelyan, Arman"]
[Black "Tahbaz, Arash"]
[Result "1-0"]
[ECO "D37"]
[WhiteElo "2487"]
[BlackElo "2459"]
[Annotator "ChessBase"]
[PlyCount "56"]
[EventDate "2021.10.14"]
[EventType "swiss"]
[EventCountry "ARM"]
[SourceTitle "playchess.com"]
[Source "ChessBase"]
[SourceQuality "1"]
[TimeControl "40/5400+30:1800+30"]

1. d4 Nf6 2. c4 e6 3. Nc3 d5 4. Nf3 Be7 5. Bf4 O-O 6. e3 Nbd7 7. Be2 dxc4 8. a4 b6 9. Bxc4 Bb7 10. O-O Nh5 11. d5 Nxf4 12. exf4 exd5 13. Bxd5 c6 14. Ba2 Qc7 15. Re1 Bd6 16. Rc1 a6 17. Ng5 Nf6 18. Ne6 fxe6 19. Rxe6 Kh8 20. Qxd6 Qxd6 21. Rxd6 Rad8 22. Rcd1 Rxd6 23. Rxd6 Re8 24. f3 Re7 25. Ne4 h6 26. Nxf6 gxf6 27. Rxf6 Kg7 28. Rd6 b5 1-0

[Event "3rd Yerevan Open-A 2021"]
[Site "Yerevan"]
[Date "2021.10.21"]
[Round "8.5"]
[White "Quparadze, Giga"]
[Black "Petrosian, Tigran L."]
[Result "1-0"]
[ECO "C65"]
[WhiteElo "2495"]
[BlackElo "2562"]
[Annotator "ChessBase"]
[PlyCount "81"]
[EventDate "2021.10.14"]
[EventType "swiss"]
[EventCountry "ARM"]
[SourceTitle "playchess.com"]
[Source "ChessBase"]
[SourceQuality "1"]
[TimeControl "40/5400+30:1800+30"]

1. e4 e5 2. Nf3 Nc6 3. Bb5 Nf6 4. Qe2 d6 5. d4 Bd7 6. Bxc6 Bxc6 7. Nc3 exd4 8. Nxd4 Be7 9. e5 dxe5 10. Nxc6 bxc6 11. Qxe5 O-O 12. O-O Re8 13. Qg3 Nd5 14. Bd2 Bd6 15. Qf3 Nb4 16. Rad1 Nxc2 17. Qxc6 Nd4 18. Qd5 Ne2+ 19. Kh1 Qh4 20. h3 Rab8 21. Rde1 Nxc3 22. Rxe8+ Rxe8 23. Bxc3 h6 24. Kg1 Re2 25. Qa8+ Kh7 26. Qxa7 Re4 27. Re1 Qf4 28. Rxe4 Qxe4 29. g3 f6 30. a4 Qb1+ 31. Kh2 Qc2 32. Bd4 h5 33. Qa5 h4 34. Qh5+ Kg8 35. Qxh4 c5 36. Be3 Qxb2 37. Qc4+ Kh8 38. Bxc5 Be5 39. a5 Qb7 40. a6 Qf3 41. a7 1-0

[Event "3rd Yerevan Open-A 2021"]
[Site "Yerevan"]
[Date "2021.10.21"]
[Round "8.12"]
[White "Moksh Amit Doshi"]
[Black "Hayrapetyan, Hovik"]
[Result "0-1"]
[ECO "D61"]
[WhiteElo "2379"]
[BlackElo "2500"]
[Annotator "ChessBase"]
[PlyCount "124"]
[EventDate "2021.10.14"]
[EventType "swiss"]
[EventCountry "ARM"]
[SourceTitle "playchess.com"]
[Source "ChessBase"]
[SourceQuality "1"]
[TimeControl "40/5400+30:1800+30"]

1. d4 Nf6 2. c4 e6 3. Nf3 d5 4. Nc3 c6 5. Bg5 Be7 6. e3 O-O 7. Qc2 Nbd7 8. a3 b6 9. cxd5 cxd5 10. Bd3 Bb7 11. O-O Rc8 12. Qe2 Ne4 13. Bxe7 Qxe7 14. Na2 Nd6 15. Rac1 Nc4 16. a4 Nd6 17. h3 f6 18. Rxc8 Rxc8 19. Rc1 Rxc1+ 20. Nxc1 Nb8 21. Qc2 g6 22. b4 Nc6 23. Qb3 Kf7 24. h4 Qc7 25. Qc3 Qc8 26. Ne2 Ne7 27. Qa3 h6 28. Bb1 g5 29. hxg5 hxg5 30. Qd3 Ne4 31. Nd2 Nf5 32. f3 Nxd2 33. Qxd2 Qc4 34. Ba2 Qc6 35. b5 Qd6 36. Bb1 Qa3 37. Bxf5 exf5 38. Nc3 Qb3 39. Qd3 Bc8 40. Kf2 Be6 41. Qd2 Qc4 42. Ke1 Kg7 43. Kd1 Qf1+ 44. Kc2 Kg6 45. Qe2 Qg1 46. Kd2 Kg7 47. Nd1 Bf7 48. Qf2 Qh2 49. Nc3 Kh6 50. Ne2 Qd6 51. Nc3 Qb4 52. Kc2 f4 53. Qd2 Bg6+ 54. e4 dxe4 55. fxe4 Qd6 56. Qd3 g4 57. Kd2 Kg5 58. Ke2 g3 59. d5 Qc5 60. d6 f3+ 61. Kd2 Qf2+ 62. Kc1 fxg2 0-1